 Dungeon Crawl Stone Soup version 0.22.0-27-ga576289601 (webtiles) character file.

120 Markandstuff the Covered (level 4, 0/42 HPs)
             Began as a Deep Dwarf Fighter on Aug 23, 2018.
             Killed by nerve-wracking pain
             ... invoked by an orc priest
              (10 damage)
             ... on level 3 of the Dungeon.
             The game lasted 00:10:42 (1588 turns).

Markandstuff the Covered (Deep Dwarf Fighter)       Turns: 1588, Time: 00:10:42

Health: 0/42       AC:  9    Str: 20    XL:     4   Next: 75%
Magic:  4/4        EV:  5    Int: 14    God:
Gold:   85         SH:  9    Dex: 12    Spells: 3/3 levels left

rFire    + . .     SeeInvis .   i - +0 mace
rCold    x . .     Gourm    .   c - +0 shield
rNeg     . . .     Faith    .   l - +0 chain mail
rPois    .         Spirit   .   (no helmet)
rElec    .         Reflect  .   (no cloak)
rCorr    .         Harm     .   (no gloves)
MR       .....                  (no boots)
Stlth    ..........             (no amulet)
HPRegen  0.00/turn              t - ring of fire
MPRegen  0.09/turn              (no ring)

@: brilliant, non-regenerating
A: damage resistance, heal wounds, sense surroundings 1, no regeneration
a: Heal Wounds


You were on level 3 of the Dungeon.
You were not hungry.

You visited 1 branch of the dungeon, and saw 3 of its levels.

You collected 85 gold pieces.

Inventory:

Hand Weapons
 a - a +0 war axe
 e - a +0 club
 g - a +0 dagger
 h - a +0 dagger
 i - a +0 mace (weapon)
 k - a +0 club
 p - a -3 short sword
 r - a cursed -2 club
 s - a +0 whip
Missiles
 m - 41 stones (quivered)
Armour
 b - a +0 scale mail
 c - a +0 shield (worn)
 l - a +0 chain mail (worn)
 o - a +0 leather armour
Jewellery
 t - a ring of fire (left hand)
Scrolls
 q - a scroll of enchant armour {unknown}
Potions
 d - a potion of might
 u - a potion of cancellation
Comestibles
 f - 2 rations


   Skills:
 + Level 3.1 Fighting
 + Level 2.8(3.1) Axes
 + Level 1.8(2.5) Maces & Flails
 + Level 4.0 Armour
 + Level 0.9 Dodging
 + Level 0.1 Stealth
 + Level 4.0 Shields


You had 3 spell levels left.
You didn't know any spells.
Your spell library was empty.

Dungeon Overview and Level Annotations

Branches:
Dungeon (3/15)

Altars:


Innate Abilities, Weirdness & Mutations

You are resistant to damage.
You can heal yourself by infusing magical energy.
You passively map a small area around you.
You do not regenerate.


Message History

The orc priest miscasts a cantrip.
You block the orc's attack.
You hit the orc.
You kill the orc!
The orc priest hits you but does no damage.
You closely miss the orc priest. You block the orc priest's attack.
You closely miss the orc priest.
The orc priest hits you but does no damage.
You hit the orc priest.
The orc priest is lightly wounded.
The orc priest hits you but does no damage.
The orc priest completely misses you.
You hit the orc priest.
The orc priest is moderately wounded.
The orc priest casts a cantrip, but nothing happens.
You barely miss the orc priest.
The orc priest is moderately wounded.
The orc priest calls down the wrath of Beogh upon you.
Pain shoots through your body!
You die...

#.# #.
##########.#
#...)......#
#.##########
*, #.# #.#
#.#### * ,
#.#.. , ,, ,
, #@#.# *
#o#.#####. *
#o†.o.....
###.###### ,
.# *, * .#**
* , .., ## *
**


You could see an orc priest and an orc.

Vanquished Creatures
  An orc priest (D:3)
  2 adders
  A worm (D:2)
  2 dart slugs (D:3)
  A leopard gecko (D:3)
  2 orcs (D:3)
  A ball python (D:1)
  6 giant cockroaches
  5 hobgoblins
  4 jackals (D:1)
  5 kobolds
  6 bats
  3 frilled lizards (D:1)
  8 goblins
  17 rats
64 creatures vanquished.

Notes
Turn   | Place    | Note
-------+----------+-------------------------------------------
     0 | D:1      | Markandstuff the Deep Dwarf Fighter began the quest for the Orb.
     0 | D:1      | Reached XP level 1. HP: 20/20 MP: 1/1
    89 | D:1      | Reached XP level 2. HP: 27/27 MP: 2/2
   457 | D:1      | Reached XP level 3. HP: 27/34 MP: 3/3
  1072 | D:2      | Reached skill level 1 in Maces & Flails
  1346 | D:3      | Reached XP level 4. HP: 29/42 MP: 4/4
  1588 | D:3      | Killed from afar by an orc priest

Skill      XL: |  1  2  3  4 |
---------------+-------------+-----
Fighting       | 3 |  3.1
Maces & Flails | 1 |  1.8
Armour         | 4 |  4.0
Shields        | 4 |  4.0
Axes           | |  2.8
Dodging        | |  0.9
Stealth        | |  0.1

Action                   |  1- 3 |  4- 6 || total
-------------------------+-------+-------++-------
Melee: War axe           |    62 |       ||    62
       Club              |    92 |       ||    92
       Mace              |    33 |    57 ||    90
  Use: Potion            |     4 |     3 ||     7
       Scroll            |     2 |       ||     2
  Eat: Ration            |     1 |       ||     1
Armor: Scale mail        |    33 |       ||    33
       Chain mail        |    94 |    40 ||   134
Dodge: Dodged            |    77 |    21 ||    98
Block: Shield            |   130 |    34 ||   164
